 Dungeon Crawl Stone Soup version 0.23-a0-335-gba3dfdf (webtiles) character file.

240 Jeffwins the Digger (level 6, -2/39 HPs)
             Began as an Octopode Earth Elementalist on Oct 17, 2018.
             Slain by Grinder (6 damage)
             ... while paralysed by Grinder
             ... on level 3 of the Dungeon.
             The game lasted 00:04:02 (2974 turns).

Jeffwins the Digger (Octopode Earth Elementalist)   Turns: 2974, Time: 00:04:02

Health: -2/39      AC:  8    Str: 12    XL:     6   Next: 8%
Magic:  10/10      EV:  2    Int: 20    God:
Gold:   113        SH:  0    Dex: 17    Spells: 2/10 levels left

rFire    + . .     SeeInvis .   a - +0 mace (protect)
rCold    . . .     Gourm    .   (no shield)
rNeg     . . .     Faith    .   (helmet restricted)
rPois    .         Spirit   .   (no amulet)
rElec    .         Reflect  .   F - ring of protection from fire
rCorr    .         Harm     .   Z - ring of wizardry
MR       .....                  (no ring)
Stlth    +++.......             (no ring)
HPRegen  0.13/turn              (no ring)
MPRegen  0.12/turn              (no ring)
                                (no ring)
                                (no ring)

@: confused, paralysed, mighty, agile, protection aura, flying, hasted
A: almost no armour, stealthy swim, amphibious, 8 rings, constrict 8, camouflage
1, sense surroundings 1, gelatinous body 1, evolution 1
a: no special abilities


You were on level 3 of the Dungeon.
You were not hungry.

You visited 1 branch of the dungeon, and saw 3 of its levels.

You collected 113 gold pieces.


Innate Abilities, Weirdness & Mutations

You cannot wear most types of armour.
You are very stealthy in the water. (Stealth+)
You are amphibious.
You can wear up to eight rings at the same time.
You can use your tentacles to constrict eight enemies at once.
Your skin changes colour to match your surroundings (Stealth+).
Your rubbery body absorbs attacks. (AC +1, EV +1)
You passively map a small area around you.
You evolve.


   Skills:
 + Level 1.8 Fighting
 + Level 3.0 Dodging
 + Level 4.2 Stealth
 + Level 2.7 Spellcasting
 + Level 1.6 Conjurations
 + Level 1.0 Transmutations
 * Level 4.3 Earth Magic


You had 2 spell levels left.
You knew the following spells:

 Your Spells              Type           Power        Failure   Level  Hunger
p - Petrify               Tmut/Erth      ##......     19%         4    ####...
w - Stone Arrow           Conj/Erth      ##....       5%          3    ###....
z - Sandblast             Erth           ###...       1%          1    None

Your spell library contained the following spells:

 Spells                   Type           Power        Failure   Level  Hunger
 Passwall                 Tmut/Erth      ##......     3%          2    ##.....
 Lee's Rapid Deconstruct  Erth           ###.......   26%         5    ######.

Inventory:

Hand Weapons
 a - a +0 mace of protection (weapon)
 d - a +0 dagger
Missiles
 b - 114 stones (quivered)
 e - 9 sling bullets
 g - 12 arrows
 m - 16 bolts
 r - 6 poisoned needles
Jewellery
 F - a ring of protection from fire (left tentacle)
 Z - a ring of wizardry (right tentacle)
Scrolls
 f - 2 scrolls of teleportation {unknown}
 h - a scroll of fog {unknown}
 k - 3 scrolls of identify {unknown}
 n - a scroll of amnesia {unknown}
 q - 3 scrolls of remove curse {unknown}
 t - a scroll of random uselessness {unknown}
 v - a scroll of noise {unknown}
Potions
 j - a potion of might
 u - a potion of heal wounds {@q2}
Comestibles
 c - 4 rations {@e1}
 s - 7 chunks of flesh

Dungeon Overview and Level Annotations

Branches:
Dungeon (3/15)

Altars:

Annotations:
D:3 Grinder, Ijyb

,, .., #.........####
* #.# #.........#
#..#######.......##
*#.....# #......##
#.....###.##..##
#.............#
#...r....##....# #
###bg..###....# # *
#@5#..###.#.######
#.....##.# #.#.......
###....#..##.##.####.
###........# .####^
##....#..# #... ,
##..##.. .##.##
#...#.##..#.# ,*
#...#. #..#.## ,,
###....###.....


You could see Grinder, Ijyb, a bat and a rat.


Message History

* * * LOW HITPOINT WARNING * * *
You can move again.
Unknown command.
Unknown command.
You barely miss Ijyb.
Ijyb is moderately wounded.
The bat completely misses you. The bat closely misses you. Grinder misses you.
Ijyb closely misses you.
Unknown command.
Unknown command.
Unknown command.
The bat misses you. Grinder hits you but does no damage.
Unknown command.
Unknown command.
The bat closely misses you.
Unknown command.
Unknown command.
You sock Grinder!
Your weapon exudes an aura of protection.
Grinder is moderately wounded.
The bat closely misses you. Grinder closely misses you.
Unknown command.
Unknown command.
The bat barely misses you. Grinder gestures at you.
You suddenly lose the ability to move!
Ijyb hits you but does no damage.
The bat hits you but does no damage. x2; Grinder hits you.
* * * LOW HITPOINT WARNING * * *
You writhe in agony.
You die...

Skill      XL: |  1  2  3  4  5 |
---------------+----------------+-----
Stealth        | 3 4 |  4.2
Fighting       | 1 |  1.8
Conjurations   | 1 |  1.6
Earth Magic    | 4 |  4.3
Dodging        | 3 |  3.0
Spellcasting   | |  2.7
Transmutations | |  1.0

Action                   |  1- 3 |  4- 6 || total
-------------------------+-------+-------++-------
Melee: Mace              |    67 |    59 ||   126
       Constrict         |    19 |    14 ||    33
       Tentacles         |     8 |    10 ||    18
 Cast: Sandblast         |       |    29 ||    29
  Use: Potion            |       |     7 ||     7
 Stab: Sleeping          |    11 |     4 ||    15
  Eat: Chunk             |     2 |     5 ||     7
Armor: Skin              |    13 |    28 ||    41
Dodge: Dodged            |    45 |    79 ||   124

Vault maps used:
D:1:      mainiacjoe_arrival_reflecting_pool, serial_rivers,
          chequers_serial_rivers_large_a, chequers_serial_rivers_room_b,
          chequers_serial_rivers_micro_e, chequers_serial_rivers_micro_a,
          chequers_serial_rivers_room_a
D:2:      first_ration, feat_on_display
D:3:      minmay_misc_feat_roman, uniq_jessica, uniq_grinder, uniq_ijyb,
          uniq_natasha

Notes
Turn   | Place    | Note
-------+----------+-------------------------------------------
     0 | D:1      | Jeffwins the Octopode Earth Elementalist began the quest
                  | for the Orb.
     0 | D:1      | Reached XP level 1. HP: 11/11 MP: 3/3
   258 | D:1      | Reached XP level 2. HP: 10/17 MP: 5/5
   794 | D:1      | Reached skill level 3 in Stealth
  1237 | D:2      | Reached XP level 3. HP: 21/22 MP: 6/6
  1242 | D:2      | Learned a level 3 spell: Stone Arrow
  1379 | D:2      | Reached skill level 1 in Fighting
  1431 | D:2      | Reached XP level 4. HP: 28/28 MP: 7/7
  1449 | D:2      | Reached skill level 1 in Conjurations
  2329 | D:3      | Noticed Jessica
  2335 | D:2      | Reached XP level 5. HP: 21/33 MP: 2/8
  2574 | D:2      | Reached skill level 4 in Earth Magic
  2786 | D:3      | Killed Jessica
  2786 | D:3      | Reached skill level 4 in Stealth
  2838 | D:3      | Noticed Natasha
  2843 | D:3      | Killed Natasha
  2843 | D:3      | Reached skill level 3 in Dodging
  2843 | D:3      | Reached XP level 6. HP: 33/39 MP: 5/10
  2849 | D:3      | Learned a level 4 spell: Petrify
  2904 | D:3      | Noticed Ijyb
  2959 | D:3      | Noticed Grinder
  2964 | D:3      | Gained mutation: You passively map a small area around you.
                  | [potion of mutation]
  2964 | D:3      | Gained mutation: You evolve. [potion of mutation]
  2966 | D:3      | Paralysed by Grinder for 3 turns
  2973 | D:3      | Paralysed by Grinder for 5 turns
  2974 | D:3      | Slain by Grinder

Vanquished Creatures
  An orc wizard (D:3)
  Jessica (D:3)
  Natasha (D:3)
  2 worker ants (D:2)
  3 adders (D:2)
  3 worms (D:2)
  4 dart slugs
  2 leopard geckos (D:2)
  3 orcs
  2 ball pythons
  4 giant cockroaches
  8 goblins
  5 hobgoblins
  4 jackals
  3 kobolds
  4 quokkas
  7 bats
  3 frilled lizards
  7 rats
67 creatures vanquished.

Table legend:
 A = Turns spent in this place as a percentage of turns spent in the entire game.
 B = Non-inter-level travel turns spent in this place as a percentage of non-inter-level travel turns spent in the entire game.
 C = Inter-level travel turns spent in this place as a percentage of turns spent in this place.
 D = Turns resting spent in this place as a percentage of non-inter-level travel turns spent in this place.
 E = Turns spent auto-exploring this place as a percentage of non-inter-level travel turns spent in this place.
 F = Non-inter-level travel turns spent in this place divided by the number of levels of this place that you've seen.
                   A       B       C       D       E      F
               +-------+-------+-------+-------+-------+----------------------
         Total | 100.0 | 100.0 |   1.6 |  29.8 |  53.7 | 975.7
       Dungeon | 100.0 | 100.0 |   1.6 |  29.8 |  53.7 | 975.7
               +-------+-------+-------+-------+-------+----------------------

Table legend:
 A = Non-vault XP
 B = Vault XP
 C = Vault XP percentage of total XP
 D = Non-vault monster count
 E = Vault monster count
 F = Vault count percentage of total count
                 A         B        C        D         E       F
            +---------+---------+-------+---------+---------+-------
      Total |     269 |      74 |  21.6 |      65 |       2 |   3.0
            +---------+---------+-------+---------+---------+-------
        D:1 |      33 |       0 |   0.0 |      20 |       0 |   0.0
        D:2 |     176 |       0 |   0.0 |      34 |       0 |   0.0
        D:3 |      60 |      74 |  55.2 |      11 |       2 |  15.4
            +---------+---------+-------+---------+---------+-------
